AoeStats
← OAO

African Clearing

510292557Analyzed
4v4 RM · 19h ago on Sep 30, 2026· 48m 46s· 8 players
Game mode
Random Map
Map size
Large (8 player)
Population
200
Speed
Normal
Resources
Standard
Victory
Conquest
Starting age
Dark Age
Ending age
Imperial Age
RankedLock teamsTeams togetherTeam positionsShared explorationLock speedFull tech treeHidden civsTurbo modeCheats
Victory
Defeat
🇦🇺 Cumans · Australia
1214
+14
🇨🇳 Berbers · China
1203
+14
🇩🇪 Persians · Germany
1196
+14
🇨🇳 Huns · China
1114
+18
🇹🇼 Mongols · Taiwan
1178
-16
🇹🇼 Persians · Taiwan
1172
-16
🇨🇳 Huns · China
1146
-14
🇨🇳 Magyars · China
1141
-14
OAO
8:26 Loom
16:00 Feudal Age
20:03 Castle Age
17:48 Fishing Lines
18:59 Double-Bit Axe
20:58 Bow Saw
21:26 Husbandry
23:12 Gillnets
28:42 Scale Barding Armor
31:37 Murder Holes
38:26 Horse Collar
40:25 Heavy Plow
44:42 Imperial Age
42:47 Bloodlines
43:33 Chain Barding Armor
43:24 Forging
44:58 Light Cavalry
George
7:10 Loom
14:48 Feudal Age
18:51 Double-Bit Axe
21:31 Castle Age
20:49 Horse Collar
24:22 Wheelbarrow
23:59 Bow Saw
24:42 Town Watch
25:22 Fletching
25:37 Husbandry
25:48 Bloodlines
25:48 Nomads
27:29 Bodkin Arrow
30:48 Ballistics
31:09 Padded Archer Armor
32:11 Gold Mining
35:48 Leather Archer Armor
39:22 Imperial Age
38:36 Stone Mining
39:23 Gold Shaft Mining
40:16 Hand Cart
42:00 Heavy Plow
44:11 Chemistry
43:16 Bracer
43:41 Town Patrol
44:24 Thumb Ring
44:35 Light Cavalry
45:02 Elite Mangudai
46:19 Scale Barding Armor
46:24 Forging
新手村五四
10:01 Loom
12:21 Feudal Age
16:30 Castle Age
15:06 Double-Bit Axe
15:18 Horse Collar
18:23 Bow Saw
29:42 Fletching
39:18 Padded Archer Armor
逗你玩
10:07 Loom
12:37 Feudal Age
14:18 Double-Bit Axe
15:36 Bloodlines
22:20 Castle Age
20:45 Stone Mining
22:41 Scale Barding Armor
22:31 Gold Mining
23:11 Husbandry
24:42 Bow Saw
24:14 Horse Collar
24:43 Fletching
28:06 Heavy Plow
29:43 Wheelbarrow
30:39 Corvinian Army
40:52 Chain Barding Armor
45:02 Bodkin Arrow
45:07 Padded Archer Armor
44:31 Elite Skirmisher
拉拉车
7:35 Loom
13:33 Feudal Age
15:15 Double-Bit Axe
18:06 Castle Age
17:42 Gold Mining
18:39 Bloodlines
19:03 Husbandry
19:44 Loom
25:01 Fletching
28:11 Wheelbarrow
28:51 Scale Barding Armor
32:04 Forging
32:59 Bow Saw
34:02 Hand Cart
34:21 Horse Collar
35:34 Heavy Plow
39:16 Imperial Age
38:14 Gold Shaft Mining
37:30 Stone Mining
38:57 Chain Barding Armor
39:13 Iron Casting
38:52 Town Watch
39:24 Marauders
40:49 Conscription
40:21 Elite Tarkan
43:09 Blast Furnace
42:45 Town Patrol
44:44 Plate Barding Armor
44:10 Scale Mail Armor
44:06 Bodkin Arrow
46:01 Ballistics
45:37 Murder Holes
46:43 Chemistry
49:16 Two-Man Saw
杨枝甘露
9:11 Loom
14:13 Feudal Age
18:01 Castle Age
16:27 Double-Bit Axe
17:20 Gold Mining
18:14 Stone Mining
18:09 Horse Collar
18:53 Bow Saw
19:27 Gold Shaft Mining
21:06 Fletching
23:06 Bodkin Arrow
24:23 Husbandry
26:33 Padded Archer Armor
28:57 Wheelbarrow
31:11 Heavy Plow
31:42 Bloodlines
32:26 Hand Cart
34:50 Leather Archer Armor
35:03 Ballistics
34:51 Thumb Ring
38:47 Imperial Age
37:17 Stone Shaft Mining
36:58 Kasbah
38:21 Light Cavalry
39:52 Conscription
41:21 Maghrebi Camels
42:16 Bracer
43:47 Chemistry
42:58 Elite Camel Archer
44:10 Ring Archer Armor
43:51 Forging
44:27 Capped Ram
47:19 Hoardings
46:09 Heavy Camel Rider
Demshredz
3:40 Loom
14:47 Feudal Age
18:45 Castle Age
18:43 Horse Collar
18:48 Double-Bit Axe
19:41 Wheelbarrow
23:15 Heavy Plow
24:01 Bow Saw
27:14 Husbandry
28:05 Bloodlines
28:03 Scale Barding Armor
29:53 Forging
30:06 Gold Mining
30:06 Stone Mining
31:50 Iron Casting
33:33 Chain Barding Armor
34:24 Hand Cart
36:03 Gold Shaft Mining
36:04 Stone Shaft Mining
39:23 Imperial Age
39:21 Cavalier
41:52 Conscription
42:44 Town Watch
44:16 Plate Barding Armor
45:48 Two-Man Saw
45:20 Crop Rotation
45:56 Blast Furnace
45:53 Elite War Elephant
47:34 Savar
Defenestrator
8:28 Loom
14:55 Feudal Age
16:10 Double-Bit Axe
16:48 Man-at-Arms
26:39 Forging
38:35 Castle Age
40:57 Fletching
45:12 Wheelbarrow
44:24 Town Watch
49:16 Bow Saw
Connection lost

Rejoining the realm…

Still unreachable

The connection could not be restored.

Session expired

The server has moved on; the page needs a fresh start.